 Dungeon Crawl Stone Soup version 0.19.4-9-g45fd643 (webtiles) character file.

11 NinoLikesCookies the Firebug (level 2, -1/22 HPs)
             Began as a Naga Fire Elementalist on Feb 16, 2017.
             Slain by a goblin
             ... wielding a +0 dagger
              (2 damage)
             ... on level 1 of the Dungeon.
             The game lasted 00:02:54 (376 turns).

NinoLikesCookies the Firebug (NaFE)                  Turns: 376, Time: 00:02:54

Health: -1/22      AC:  1    Str: 10    XL:     2   Next: 25%
Magic:  0/5        EV: 10    Int: 15    God:
Gold:   15         SH:  0    Dex: 11    Spells: 1 memorised, 4 levels left

rFire  . . .     SeeInvis +     f - +0 dagger
rCold  . . .     Gourm    .     a - +0 robe
rNeg   . . .     Faith    .     (no shield)
rPois  +         Spirit   .     (no helmet)
rElec  .         Reflect  .     (no cloak)
rCorr  .         Harm     .     (no gloves)
MR     .....                    (no barding)
Stlth  ++........               (no amulet)
                                (no ring)
                                (no ring)

@: very slow
A: see invisible, deformed body, poison resistance, slowness 2, slow metabolism
1, spit poison 1, AC +0
a: Spit Poison


You were on level 1 of the Dungeon.
You were not hungry.

You visited 1 branch of the dungeon, and saw 1 of its levels.

You collected 15 gold pieces.

Inventory:

Hand Weapons
 f - a +0 dagger (weapon)
Missiles
 e - 18 arrows
 j - 22 stones (quivered)
Armour
 a - a +0 robe (worn)
Potions
 h - a potion of might {unknown}
Books
 b - a book of Flames

   Spells                             Type                      Level
   a - Flame Tongue                   Conjuration/Fire             1
   b - Throw Flame                    Conjuration/Fire             2
   c - Conjure Flame                  Conjuration/Fire             3
   d - Inner Flame                    Hexes/Fire                   3
   e - Sticky Flame                   Conjuration/Fire             4
   f - Fireball                       Conjuration/Fire             5
Comestibles
 c - a bread ration
 d - 3 meat rations
 g - a chunk of flesh


   Skills:
 - Level 1.7 Dodging
 - Level 3.0 Stealth
 + Level 2.1 Spellcasting
 + Level 1.0 Conjurations
 * Level 3.4 Fire Magic


You had 4 spell levels left.
You knew the following spells:

 Your Spells              Type           Power        Failure   Level  Hunger
a - Flame Tongue          Conj/Fire      #....        12%         1    #......


Dungeon Overview and Level Annotations

Branches:
Dungeon (1/15)

Altars:


Innate Abilities, Weirdness & Mutations

You cannot wear boots.
Your serpentine skin is tough. (AC +0)
You have supernaturally acute eyesight. (SInv)
Armour fits poorly on your strangely shaped body.
Your system is resistant to poisons. (rPois)
You cover ground very slowly.
You have a slow metabolism.
You can spit poison.


Message History

The kobold hits you with a short sword. The kobold hits you but does no damage.
The kobold hits you with a short sword.
Found a bread ration.
As you read the scroll labeled NARPHU GUDUIKLI, it crumbles to dust.
It is a scroll of recharging.
You aren't carrying any rechargeable items.
The kobold hits you with a short sword. The goblin barely misses you.
The kobold hits you with a short sword.
Casting: Flame Tongue
Confirm with . or Enter, or press ? or * to list all spells.
Aiming: Flame Tongue
Press: ? - help, Shift-Dir - straight line, f/p - kobold
Aim: a kobold, wielding a short sword The flame tongue hits the kobold.
The kobold is severely wounded.
The goblin hits you but does no damage. The kobold hits you with a short sword.
* * * LOW HITPOINT WARNING * * *
The goblin hits you with a dagger.
You die...

....## ....####
..######.# .....#
######...# ...#.###
####....# #......
......#.####.# ..#
%.
.#..#.......>###.##
...
..รท##...####......#
#... ..####...#
#......###.... .##
#.....##..$@........
..##
###.[.##.(.gK..#....
...##
#...#...(........
......
.#.#............
.......
.#.####(......[.
...#.## .. .
#......... ...#.#
......>#.. ..## .
........... .##
.......#....


You could see a goblin and a kobold.

Vanquished Creatures
  2 dart slugs (D:1)
  2 goblins (D:1)
  A hobgoblin (D:1)
  2 bats (D:1)
  A kobold (D:1)
8 creatures vanquished.

Notes
Turn   | Place    | Note
-------+----------+-------------------------------------------
     0 | D:1      | NinoLikesCookies the Naga Fire Elementalist began the quest for the Orb.
     0 | D:1      | Reached XP level 1. HP: 15/15 MP: 3/3
   266 | D:1      | Reached XP level 2. HP: 22/22 MP: 0/5
   374 | D:1      | HP: 1/22 [kobold/short sword (6)]
   376 | D:1      | Slain by a goblin

Action                   || total
-------------------------++-------
Melee: Unarmed           ||     4
       Dagger            ||     4
 Cast: Flame Tongue      ||    13
  Use: Scroll            ||     1
Dodge: Dodged            ||    13
